Map: Ruins of Seras

Players

Avokado

  • Race: Terran Terran
  • League: Master

Elazer - Winner!

  • Race: Zerg Zerg
  • League: Grandmaster

Event: DreamHack ROCCAT LotV Championship

VOD

Have the link to the VOD?

Description

Time

  • Played on: Nov. 26, 2015, 5:48 a.m.
  • Length: 16:43

All games in this series

Show
View Real Time Build Order
Export as new Build Order

Avokado Terran 

Build Orders: Liberator Opening, Reaper Expand, Bio Tank 

Get SALT Encoding   

  12  0:00  SCV  
  13  0:13  SCV  
  14  0:18  Supply Depot  
  14  0:25  SCV  
  15  0:40  SCV, Barracks  
  16  0:45  Refinery  
  16  0:52  SCV  
  17  1:04  SCV  
  18  1:16  SCV  
  19  1:27  Reaper  
  19  1:28  Orbital Command  
  20  1:44  Command Center  
  20  1:52  Supply Depot  
  20  1:54  SCV  
  20  1:59  Barracks Reactor  
  21  2:06  Refinery  
  21  2:08  SCV  
  22  2:20  SCV  
  22  2:22  Factory  
  23  2:32  SCV  
  23  2:36  Marine x2  
  26  2:44  SCV  
  27  2:54  Marine x2  
  27  2:56  Orbital Command  
  29  2:58  SCV  
  30  3:06  Factory Tech Lab, Starport  
  30  3:10  SCV  
  30  3:12  Marine  
  32  3:16  Marine  
  33  3:22  SCV  
  33  3:24  SCV  
  35  3:27  Liberator  
  35  3:28  Siege Tank  
  35  3:29  Marine  
  35  3:33  Marine  
  40  3:35  SCV  
  40  3:36  SCV  
  42  3:46  Supply Depot  
  45  3:48  Supply Depot, SCV  
  46  4:03  Command Center  
  46  4:08  SCV x2  
  48  4:13  Stimpack  
  48  4:14  Marine  
  49  4:20  SCV x2  
  49  4:21  Barracks  
  49  4:22  Liberator  
  51  4:26  Barracks  
  51  4:27  Factory Reactor  
  51  4:35  Marine  
  52  4:40  SCV  
  52  4:41  SCV  
  52  4:43  Supply Depot  
  57  4:52  SCV, Marine  
  58  4:53  Supply Depot  
  58  4:59  Engineering Bay  
  59  5:00  SCV  
  59  5:01  Engineering Bay  
  60  5:08  Refinery x2  
  60  5:09  SCV  
  60  5:10  Marine  
  60  5:11  Marauder  
  64  5:15  Marine  
  64  5:19  SCV  
  64  5:20  Supply Depot  
  66  5:21  SCV  
  66  5:24  Starport Reactor  
  66  5:26  Factory Tech Lab  
  67  5:29  Terran Infantry Weapons Level 1  
  67  5:31  SCV, Marine x2  
  67  5:35  Terran Infantry Armor Level 1  
  70  5:36  Marine x2  
  70  5:37  Marine  
  73  5:46  SCV  
  73  5:49  Siege Tank, Orbital Command  
  77  5:53  Supply Depot, SCV  
  77  5:55  Marine x2  
  77  5:59  SCV  
  77  6:03  Marine  
  77  6:04  Marauder  
  81  6:05  SCV  
  81  6:06  Medivac  
  81  6:09  Medivac  
  81  6:11  SCV  
  87  6:13  Orbital Command, Marine x2  
  89  6:20  Supply Depot  
  89  6:21  Marine  
  89  6:24  Combat Shields  
  89  6:25  Marauder  
  92  6:29  Marine  
  92  6:30  Siege Tank  
  92  6:31  SCV, Marine  
  98  6:37  SCV  
  99  6:40  SCV  
  99  6:46  SCV  
  101  6:48  Supply Depot, Marauder, Marine x3  
  101  6:51  SCV  
  107  6:56  SCV  
  107  6:58  Barracks x2  
  108  7:01  Marine  
  108  7:03  Medivac  
  108  7:06  Medivac  
  108  7:08  Marine x2  
  113  7:09  Marauder  
  110  7:18  SCV x2  
  110  7:21  Refinery  
  110  7:22  Refinery, Marine  
  111  7:23  Armory  
  111  7:25  Factory  
  111  7:27  Siege Tank  
  111  7:29  Marine  
  111  7:31  SCV, Marauder  
  111  7:32  SCV  
  111  7:34  Marine x2  
  118  7:37  SCV  
  118  7:43  SCV  
  120  7:44  SCV, Marine  
  120  7:50  SCV, Marine  
  125  7:53  Marauder  
  125  7:54  Marine  
  125  7:57  SCV, Barracks Tech Lab x2  
  125  7:59  Supply Depot  
  125  8:00  Supply Depot  
  125  8:04  Supply Depot  
  125  8:05  Supply Depot  
  125  8:09  Factory Tech Lab  
  125  8:12  SCV, Marine x2  
  125  8:13  Medivac, Marine  
  125  8:14  SCV  
  125  8:15  Marauder  
  102  8:27  Medivac  
  102  8:29  Marauder  
  102  8:31  Marauder, Siege Tank, Marine x2  
  102  8:32  Siege Tank, Marine x2  
  113  8:36  Marauder  
  113  8:39  Terran Infantry Weapons Level 2  
  113  8:40  Terran Infantry Armor Level 2  
  115  8:48  Supply Depot, Marine  
  115  8:49  Marine  
  115  8:50  Marine  
  115  8:52  Barracks x2  
  115  8:54  Marauder  
  120  8:57  Marauder  
  120  8:58  Marauder  
  120  9:00  Terran Vehicle Weapons Level 1  
  120  9:02  Marine  
  125  9:03  Siege Tank  
  125  9:04  Siege Tank  
  125  9:05  Concussive Shells  
  125  9:09  Marine  
  129  9:16  Marauder  
  130  9:17  Marine x2  
  130  9:18  Marauder  
  130  9:19  Marauder  
  124  9:33  Marine  
  124  9:36  Siege Tank  
  124  9:37  Marauder  
  118  9:38  Marine x2  
  118  9:39  Marauder, Marine  
  118  9:40  Marauder  
  118  9:41  Marine x2  
  118  9:42  Siege Tank  
  118  9:45  Orbital Command  
  117  9:48  SCV x2  
  117  9:51  Marine  
  114  9:56  Marine x3  
  114  9:58  Marauder  
  114  9:59  Marine x2  
  117  10:00  SCV  
  117  10:01  Marauder  
  117  10:02  Marauder  
  122  10:08  SCV, Siege Tank  
  122  10:09  Marine  
  122  10:13  SCV x2  
  129  10:19  Barracks Tech Lab  
  129  10:20  SCV, Barracks Tech Lab, Marauder  
  132  10:24  Marauder, Marine  
  135  10:29  Marine, Marauder  
  135  10:30  Marine  
  135  10:32  SCV  
  135  10:33  SCV x2  
  142  10:40  Medivac  
  142  10:41  Marauder x3  
  140  10:44  Marine  
  140  10:45  Marauder  
  135  10:52  Medivac  
  135  10:55  Marine x3  
  135  10:56  Marauder  
  131  11:02  Marauder, Marine x3  
  131  11:03  SCV x2  
  136  11:06  Marine  
  136  11:10  Medivac  
  138  11:13  Marine x3  
  138  11:16  Terran Infantry Weapons Level 3  
  138  11:17  Marauder  
  143  11:19  Marine  
  143  11:20  Marauder, Marine  
  143  11:22  Medivac  
  143  11:23  Marine  
  143  11:24  Marine  
  151  11:30  Marine  
  151  11:31  Marine x2  
  154  11:37  Marine  
  154  11:38  Marine x2  
  154  11:43  Marauder x2  
  154  11:44  Marine  
  157  11:49  Marine  
  157  11:52  Supply Depot, Marine  
  157  11:53  Marine  
  157  11:55  Marine  
  157  11:57  Marine  
  156  12:02  Medivac  
  156  12:04  Marine  
  156  12:06  Marine  
  156  12:07  Marine  
  157  12:09  Marine  
  157  12:13  Marine x2  
  157  12:14  Siege Tank, Marauder  
  164  12:20  Supply Depot  
  164  12:24  Marauder  
  165  12:36  Marauder  
  165  12:38  Marine x2  
  165  12:41  Siege Tank, Marine  
  165  12:42  Marine, Marauder x2  
  173  12:46  Marine  
  173  12:50  Marauder  
  172  12:56  Marine  
  173  13:01  Supply Depot  
  173  13:02  Supply Depot  
  173  13:14  Marine  
  173  13:15  Marine x2, Siege Tank, Marauder  
  173  13:17  Siege Tank, Marauder  
  162  13:25  Marine x3  
  162  13:26  Marauder  
  148  13:32  Marine  
  148  13:33  Marine x2  
  145  13:36  Marauder  
  145  13:38  Marauder  
  143  13:43  Marine x3  
  143  13:46  Marine  
  143  13:47  Siege Tank  
  144  13:50  Marine  
  144  13:51  Marine  
  144  13:52  Marine  
  118  13:58  Marauder  
  118  13:59  Marine  
  118  14:00  Marine  
  118  14:01  Marauder, Marine  
  111  14:04  Marine  
  111  14:08  Marine  
  111  14:09  Marine  
  107  14:10  Marine  
  94  14:17  Marauder  
  94  14:18  Marine x2  
  94  14:19  Marine  
  94  14:22  Marine x2  
  93  14:26  Marine  
  93  14:28  Orbital Command  
  85  14:34  Marine x2  
  85  14:36  Marine  
  85  14:37  Marauder  
  85  14:38  Marine x2  
  79  14:40  Marine  
  79  14:43  Marine  
  70  14:50  Marine  
  69  15:04  Orbital Command  
  69  15:05  Marine  
  70  15:12  Marine  
  71  15:29  Marine x2  
  71  15:30  Marauder x2  
  71  15:32  Marine  
  71  15:35  Marine  
  55  15:44  Marine  
Show
View Real Time Build Order
Export as new Build Order

Elazer Zerg - Winner!

Build Orders: Hatch First 

Get SALT Encoding   

  12  0:00  Drone  
  13  0:13  Overlord  
  13  0:18  Drone  
  14  0:31  Drone  
  14  0:32  Drone  
  17  0:35  Drone  
  17  0:53  Hatchery  
  17  0:56  Drone  
  17  0:59  Drone  
  18  1:09  Extractor  
  17  1:13  Spawning Pool  
  17  1:17  Drone  
  17  1:20  Drone  
  18  1:33  Drone  
  19  1:41  Overlord  
  19  2:01  Zergling x4, Queen  
  19  2:05  Queen  
  25  2:11  Metabolic Boost  
  25  2:20  Drone x2  
  25  2:21  Drone  
  28  2:23  Drone  
  28  2:26  Drone  
  30  2:35  Drone  
  30  2:41  Drone  
  30  2:42  Queen  
  33  2:45  Drone  
  34  2:57  Drone  
  35  3:00  Overlord  
  35  3:11  Hatchery  
  34  3:15  Drone  
  34  3:16  Overlord  
  34  3:19  Drone x2  
  40  3:20  Drone x4  
  41  3:28  Queen  
  43  3:35  Drone x2  
  43  3:37  Drone  
  46  3:42  Drone, Extractor  
  46  3:45  Extractor  
  46  3:46  Roach Warren, Drone  
  45  3:51  Drone  
  45  3:54  Overlord  
  45  3:55  Drone x2  
  48  3:57  Drone  
  48  3:59  Drone  
  50  4:11  Overlord  
  50  4:12  Queen  
  52  4:18  Overlord, Drone  
  52  4:23  Overlord  
  53  4:25  Roach x2  
  53  4:26  Roach  
  53  4:29  Drone x2  
  60  4:31  Roach  
  60  4:33  Drone  
  60  4:35  Drone  
  60  4:38  Drone x2  
  65  4:39  Drone  
  65  4:41  Drone  
  65  4:42  Drone  
  65  4:45  Drone  
  70  4:50  Spore Crawler  
  70  4:52  Spore Crawler  
  68  4:55  Spore Crawler  
  68  4:58  Drone  
  68  5:00  Drone  
  68  5:04  Ravager  
  68  5:05  Ravager x3  
  68  5:07  Drone x3  
  76  5:16  Overlord  
  76  5:17  Drone x3  
  76  5:19  Drone x4  
  82  5:28  Overlord  
  82  5:31  Evolution Chamber  
  82  5:32  Drone x2  
  82  5:34  Extractor  
  82  5:35  Extractor  
  81  5:36  Drone x2  
  81  5:37  Evolution Chamber, Drone  
  81  5:39  Roach  
  81  5:40  Roach  
  87  5:44  Lair  
  87  5:48  Roach x3  
  93  5:54  Roach x3  
  99  6:02  Overlord  
  99  6:04  Drone x3  
  98  6:06  Zerg Missile Weapons Level 1  
  98  6:07  Drone x2, Zerg Ground Armor Level 1  
  101  6:12  Overlord  
  101  6:16  Roach x2  
  105  6:21  Roach x4  
  113  6:26  Drone  
  113  6:27  Extractor  
  113  6:28  Drone  
  113  6:29  Overlord x2  
  113  6:31  Drone x2  
  113  6:32  Drone  
  117  6:42  Glial Reconstitution  
  117  6:43  Roach x2  
  117  6:45  Overlord x2, Ravager  
  122  6:49  Hatchery  
  121  6:56  Roach x5  
  133  7:01  Roach x3  
  130  7:18  Drone x3  
  130  7:19  Drone  
  130  7:20  Drone x2  
  130  7:22  Roach x2  
  144  7:23  Roach x2  
  144  7:26  Queen  
  146  7:31  Overlord x2  
  146  7:34  Ravager  
  147  7:37  Roach x3  
  153  7:47  Ravager  
  153  7:50  Roach x6  
  153  7:51  Roach  
  166  7:55  Ravager  
  166  7:56  Ravager  
  166  7:57  Ravager x4  
  169  8:01  Roach x3  
  169  8:16  Roach  
  169  8:17  Roach x5  
  173  8:24  Roach  
  157  8:27  Roach x4  
  157  8:28  Roach x2  
  166  8:38  Drone  
  166  8:40  Zerg Missile Weapons Level 2, Infestation Pit  
  166  8:42  Drone  
  166  8:43  Drone x9  
  176  8:57  Extractor  
  176  8:58  Extractor  
  176  8:59  Zerg Ground Armor Level 2  
  174  9:05  Roach  
  174  9:07  Overlord x2  
  174  9:09  Hatchery  
  173  9:15  Ravager  
  173  9:16  Ravager x3  
  175  9:17  Ravager  
  175  9:21  Roach  
  150  9:33  Roach x13  
  144  9:47  Roach x5  
  144  9:52  Hive  
  152  9:55  Roach x3  
  156  10:04  Overlord  
  156  10:05  Roach x8  
  172  10:17  Roach x8  
  188  10:28  Roach x6  
  192  10:43  Ravager  
  181  10:50  Roach  
  181  10:56  Zerg Melee Weapons Level 1  
  148  11:05  Ultralisk Cavern, Zergling x18  
  148  11:08  Roach x5  
  148  11:10  Ravager x3  
  167  11:13  Adrenal Glands  
  167  11:19  Zergling x14  
  167  11:22  Zerg Ground Armor Level 3  
  166  11:54  Ultralisk x3  
  184  11:56  Chitinous Plating  
  177  12:03  Ultralisk  
  177  12:04  Zergling x20  
  183  12:11  Overlord x3  
  180  12:20  Overlord  
  180  12:22  Overlord x2  
  178  12:25  Extractor  
  178  12:27  Extractor  
  174  12:31  Ravager  
  174  12:32  Ultralisk x2  
  174  12:35  Drone x3  
  174  12:36  Drone x3  
  192  12:44  Ultralisk  
  189  12:55  Ultralisk  
  189  12:56  Zergling x14  
  195  13:08  Zergling x2  
  195  13:09  Zergling x6  
  170  13:23  Ultralisk x2  
  170  13:25  Zergling x36  
  190  13:30  Hatchery  
  189  13:34  Hatchery  
  189  13:36  Ravager  
  143  13:56  Ultralisk x2  
  143  13:59  Zergling x8  
  131  14:11  Ultralisk  
  131  14:12  Zergling x4  
  125  14:30  Ultralisk  
  122  14:39  Zergling x14  
  127  14:50  Ultralisk  
  130  14:55  Drone x5  
  130  14:56  Drone  
  130  14:58  Drone  
  130  14:59  Drone  
  138  15:00  Drone  
  139  15:13  Extractor  
  139  15:14  Extractor  
  137  15:15  Drone x3  
  137  15:18  Roach  
  137  15:19  Roach x6  
  153  15:34  Ultralisk x2  
  165  15:39  Zergling x2  
  165  15:40  Zergling x14  
  167  15:54  Zergling x2  
  167  15:55  Zergling x12  
  157  16:23  Hatchery  
  174  16:28  Ravager x5  

Tags
 
Add a new tag
Caveats
  • Supply blocks, unpowered buildings, or Contaminate may cause inaccurate times.
  • Supply counts are checked every 10 seconds.